 Dungeon Crawl Stone Soup version 0.26-a0-752-gcff87cac9a (webtiles) character file.

Game seed: 7274404401851799330

25244 mhtbhm the Bludgeoner (level 13, -7/126 HPs)
             Began as a Gargoyle Berserker on Nov 7, 2020.
             Was the Champion of Trog.
             Mangled by an orc warlord
             ... wielding a +2 war axe of flaming
              (20 damage)
             ... on level 2 of the Orcish Mines.
             The game lasted 00:27:11 (16081 turns).

mhtbhm the Bludgeoner (Gargoyle Berserker)         Turns: 16081, Time: 00:27:12

Health: -7/126     AC: 23    Str: 33    XL:     13   Next: 18%
Magic:  13/13      EV: 15    Int:  5    God:    Trog [******]
Gold:   2338       SH:  0    Dex: 15    Spells: 12/12 levels left

rFire    . . .     SeeInvis .   a - +4 great mace (flame)
rCold    + . .     Faith    +   (shield currently unavailable)
rNeg     + . .     Spirit   .   b - +1 ring mail {rC+}
rPois    ∞         Reflect  .   f - +0 helmet
rElec    +         Harm     .   (no cloak)
rCorr    .         Rampage  .   A - +0 pair of gloves
MR       .....                  Q - +2 pair of boots
Stlth    ..........             r - amulet of faith
HPRegen  0.31/turn              t - ring of Moodiness {Str+6 Slay+4}
MPRegen  0.13/turn              N - +6 ring of dexterity

@: berserking, studying Shields, very quick
A: dopey 1, negative energy resistance 1, electricity resistance, unbreathing,
petrification resistance, rot immunity, AC +9
a: Berserk, Trog's Hand, Brothers in Arms, Renounce Religion


You were on level 2 of the Orcish Mines.
You worshipped Trog.
Trog was exalted by your worship.
You visited 2 branches of the dungeon, and saw 14 of its levels.

You collected 2338 gold pieces.

Inventory:

Hand Weapons
 a - a +4 great mace of flaming (weapon)
 M - a +5 morningstar of protection
Missiles
 S - 6 curare-tipped darts (quivered)
Armour
 b - a +1 ring mail of cold resistance (worn)
 f - a +0 helmet (worn)
 A - a +0 pair of gloves (worn)
 Q - a +2 pair of boots (worn)
Jewellery
 q - an uncursed ring of ice
 r - an amulet of faith (around neck)
 t - the ring of Moodiness (left hand) {Str+6 Slay+4}
   (You acquired it on level 9 of the Dungeon)

   [ring of strength]

   It affects your strength (+6).
   It affects your accuracy and damage with ranged weapons and melee attacks
   (+4).
 K - an uncursed ring of flight
 N - a +6 ring of dexterity (right hand)
 R - an uncursed amulet of reflection
Wands
 i - a wand of iceblast (20)
 k - a wand of enslavement (18)
 u - a wand of random effects (13)
 v - a wand of paralysis (10)
 z - a wand of digging (5)
 B - a wand of disintegration (11)
Scrolls
 d - 3 scrolls of remove curse
 e - 15 scrolls of teleportation
 g - 3 scrolls of immolation
 l - 4 scrolls of enchant weapon
 p - 3 scrolls of blinking
 x - 2 scrolls of fog
 y - 3 scrolls of enchant armour
 C - a scroll of holy word
 I - a scroll of noise {unknown}
 J - a scroll of random uselessness {unknown}
 L - a scroll of magic mapping {unknown}
Potions
 c - 2 potions of haste
 h - 3 potions of attraction
 j - a potion of lignification
 n - 3 potions of curing
 o - a potion of flight {unknown}
 s - 4 potions of mutation {unknown}
 w - 2 potions of resistance {unknown}
 E - 3 potions of heal wounds
 F - a potion of brilliance {unknown}
 G - 2 potions of invisibility
 H - a potion of cancellation {unknown}
 O - 2 potions of might {unknown}
 P - a potion of berserk rage {unknown}
Books
 m - a manual of Shields


   Skills:
 + Level 11.0 Fighting
   Level 7.0(11.9) Axes
 + Level 15.9(16.4) Maces & Flails
 + Level 8.9 Armour
 + Level 6.6 Dodging
 + Level 4.1 Stealth
 + Level 0.2 Evocations


You had 12 spell levels left.
You didn't know any spells.
Your spell library was empty.

Dungeon Overview and Level Annotations

Branches:
Dungeon (12/15)            Temple (0/1) D:5            Lair (0/6) D:11
    Orc (2/2) D:12
    Elf: Orc:2

Altars:
Ashenzari
Gozag
Hepliaklqana
Ru
Trog
Uskayaw
Xom
Zin
Beogh

Shops:
Orc:1 (   Orc:2 [(


Innate Abilities, Weirdness & Mutations

You are resistant to torment.
Your stone body is resilient. (AC +9)
You are immune to poison.
You resist negative energy. (rN+)
You are resistant to electric shocks. (rElec)
You can survive without breathing.
You are immune to petrification.
You are immune to rotting.
You are dopey. (Int -2)


Message History

You are too injured to fight recklessly!
You are too injured to fight recklessly!
You are too injured to fight recklessly!
You are too injured to fight recklessly!
You are too injured to fight recklessly!
You are too injured to fight recklessly!
You are too injured to fight recklessly!
You are too injured to fight recklessly!
You are too injured to fight recklessly!
You are too injured to fight recklessly!
You are too injured to fight recklessly!
You are too injured to fight recklessly!
You are too injured to fight recklessly!
You are too injured to fight recklessly!
The neqoxec misses you.
The orc high priest hits you but does no damage.
The orc warlord hits you with a +2 war axe of flaming!!!
* * * LOW HITPOINT WARNING * * *
The orc warlord burns you!!
You die...

..................#
.#....##..........#
#...##............#
###................##
...###.##......[<........#
................[.......##
.......#.[.....[.......##
...............[o)......#
....##......#.oo@[......##
....#..........3o[...#...#
.............o.o...P....##
o.o........[.3......P...#
4..##.#......PP.........#
.. ####......P.[.......##
. .....#.............#
#............∩.......#
##..................##


You could see an orc warlord (strong), an orc knight (strong), a soul eater
(summoned), an orc high priest (strong), a neqoxec (summoned), 2 orc sorcerers
and an orc warrior (strong).

Vanquished Creatures
  Jorgrun (Orc:2)
  A boulder beetle (D:12)
  Erica (D:8)
  Harold (D:8)
  2 two-headed ogres
  An orc high priest (Orc:1)
  Sonja (Orc:1)
  Pikel (D:8)
  3 ugly things
  2 orc knights
  A deep elf mage (D:12)
  2 centaur zombies (D:12)
  Psyche (D:11)
  2 gargoyles
  Maggie (D:7)
  A kobold demonologist (D:12)
  A hornet (D:12)
  7 trolls
  A shadow (D:12)
  A water elemental (D:11)
  A wraith (D:8)
  3 wyverns
  A basilisk (D:12)
  3 yaks (D:9)
  Grum (D:10)
  Menkaure (D:6)
  A warg (Orc:1)
  2 water moccasins
  3 sky beasts
  4 ice beasts
  30 orc warriors
  2 black bears (D:9)
  An eye of draining (D:6)
  7 wolves
  2 necrophages
  3 phantoms
  8 ogres
  4 centaurs
  11 bullfrogs
  2 big kobolds
  5 scorpions
  3 water moccasin skeletons
  8 killer bees
  4 electric eels (D:11)
  19 wights
  A bullfrog zombie (D:3)
  3 quasits
  4 jellies
  16 orc priests
  11 hounds
  14 orc wizards
  2 centaur skeletons
  9 worker ants
  4 iguanas
  11 gnolls
  10 adders
  2 shadow imps
  4 white imps
  3 ufetubi
  2 oozes
  2 adder skeletons
  2 dart slugs
  5 leopard geckos
  98 orcs
  A ball python (D:4)
  6 bats
  5 giant cockroaches
  10 goblins
  9 hobgoblins
  15 jackals
  14 kobolds
  9 quokkas
  3 frilled lizards
  A quokka zombie (D:9)
  8 rats
445 creatures vanquished.

Vanquished Creatures (others)
  12 fungi (Orc:2)
12 creatures vanquished.

Grand Total: 457 creatures vanquished

Notes
Turn   | Place    | Note
-------+----------+-------------------------------------------
     0 | D:1      | mhtbhm the Gargoyle Berserker began the quest for the Orb.
     0 | D:1      | Reached XP level 1. HP: 14/14 MP: 1/1
   407 | D:1      | Reached XP level 2. HP: 19/19 MP: 2/2
   806 | D:2      | Reached XP level 3. HP: 24/24 MP: 3/3
   816 | D:2      | Reached ** piety under Trog
   882 | D:2      | Found a hide-covered altar of Uskayaw.
   882 | D:2      | Found a hazy altar of Hepliaklqana.
   924 | D:2      | Noticed a necrophage
   952 | D:2      | Killed a necrophage
   952 | D:2      | Reached skill level 4 in Maces & Flails
   952 | D:2      | Reached skill level 1 in Stealth
   952 | D:2      | Reached XP level 4. HP: 17/29 MP: 4/4
   952 | D:2      | Reached XP level 5. HP: 19/33 MP: 5/5
  1948 | D:3      | Reached XP level 6. HP: 34/39 MP: 6/6
  1988 | D:3      | Found an opulent altar of Gozag.
  2075 | D:3      | Found a bloodstained altar of Trog.
  2231 | D:3      | Reached skill level 1 in Axes
  2497 | D:4      | Reached *** piety under Trog
  2574 | D:4      | Noticed a phantom
  2640 | D:4      | Killed a phantom
  2958 | D:4      | Noticed a phantom
  2975 | D:4      | Reached XP level 7. HP: 33/44 MP: 7/7
  3550 | D:4      | You fall into a shaft and drop 1 floor!
  3550 | D:5      | Entered Level 5 of the Dungeon
  3550 | D:5      | Found a broken altar of Ashenzari.
  3614 | D:5      | Found a staircase to the Ecumenical Temple.
  3625 | D:5      | Reached skill level 5 in Fighting
  3739 | D:5      | Found a sacrificial altar of Ru.
  4241 | D:5      | Reached skill level 5 in Armour
  4712 | D:5      | Reached XP level 8. HP: 34/50 MP: 8/8
  5010 | D:6      | Reached skill level 5 in Axes
  5443 | D:6      | Noticed Menkaure
  5451 | D:6      | Killed Menkaure
  5489 | D:6      | Reached **** piety under Trog
  5497 | D:6      | HP: 3/76 [orc warrior/+0 antimagic halberd (6)]
  5793 | D:6      | Reached XP level 9. HP: 55/55 MP: 9/9
  6551 | D:7      | Found a glowing silver altar of Zin.
  6597 | D:7      | Noticed Maggie
  6627 | D:7      | Killed Maggie
  7456 | D:8      | Reached skill level 5 in Maces & Flails
  7563 | D:8      | Reached ***** piety under Trog
  7874 | D:8      | Noticed Pikel
  7879 | D:8      | Killed Pikel
  7879 | D:8      | Reached skill level 6 in Maces & Flails
  7880 | D:8      | Noticed a two-headed ogre
  8110 | D:8      | Reached XP level 10. HP: 44/63 MP: 10/10
  8238 | D:8      | Noticed Harold
  8252 | D:8      | Killed Harold
  8252 | D:8      | Reached skill level 7 in Maces & Flails
  8256 | D:8      | Noticed Erica
  8313 | D:8      | Paralysed by a gnoll for 4 turns
  8326 | D:8      | Reached skill level 8 in Maces & Flails
  8328 | D:8      | Killed a two-headed ogre
  8342 | D:8      | Killed Erica
  8821 | D:8      | Found a shimmering altar of Xom.
  8946 | D:8      | Reached skill level 9 in Maces & Flails
  9226 | D:9      | Received a gift from Trog
  9240 | D:9      | Reached skill level 5 in Dodging
  9374 | D:9      | Reached XP level 11. HP: 37/68 MP: 11/11
  9699 | D:9      | Identified 2 scrolls of acquirement
  9700 | D:9      | Acquired a manual of Maces & Flails
  9704 | D:9      | Acquired the ring of Moodiness {Str+6 Slay+4}
  9924 | D:9      | Reached skill level 10 in Maces & Flails
 10417 | D:10     | Entered Level 10 of the Dungeon
 10426 | D:10     | Noticed a two-headed ogre
 10436 | D:10     | Killed a two-headed ogre
 10436 | D:10     | Reached skill level 11 in Maces & Flails
 10570 | D:10     | Received a gift from Trog
 10595 | D:10     | Noticed Grum
 10601 | D:10     | Killed Grum
 11466 | D:11     | Reached skill level 12 in Maces & Flails
 11510 | D:11     | Noticed Psyche
 11513 | D:11     | Killed Psyche
 11807 | D:11     | Received a gift from Trog
 12013 | D:11     | Found a staircase to the Lair.
 12176 | D:11     | Noticed a cyan ugly thing
 12182 | D:11     | Killed a cyan ugly thing
 12182 | D:11     | Reached skill level 13 in Maces & Flails
 12690 | D:11     | Reached XP level 12. HP: 76/76 MP: 12/12
 12900 | D:12     | Acquired a manual of Shields
 12965 | D:12     | Found a staircase to the Orcish Mines.
 12969 | D:12     | Noticed a boulder beetle
 12979 | D:12     | Killed a boulder beetle
 12996 | D:12     | Reached skill level 14 in Maces & Flails
 13001 | D:12     | Reached ****** piety under Trog
 13664 | D:12     | Received a gift from Trog
 13698 | D:12     | Reached skill level 10 in Fighting
 13856 | D:12     | Reached skill level 15 in Maces & Flails
 14555 | Orc:1    | Entered Level 1 of the Orcish Mines
 14624 | Orc:1    | Noticed Sonja
 14637 | Orc:1    | Killed Sonja
 14839 | Orc:1    | Found a roughly hewn altar of Beogh.
 14936 | Orc:1    | Found Lezoyr's Antique Weapon Shop.
 15165 | Orc:1    | Acquired 643 gold pieces
 15176 | Orc:2    | Entered Level 2 of the Orcish Mines
 15176 | Orc:2    | Found Ockiakk's Antique Weapon Emporium.
 15176 | Orc:2    | Noticed an orc high priest
 15178 | Orc:2    | Noticed a soul eater
 15201 | Orc:1    | Killed an orc high priest
 15201 | Orc:1    | Received a gift from Trog
 15626 | Orc:2    | Noticed Jorgrun
 15637 | Orc:2    | Killed Jorgrun
 15637 | Orc:2    | Reached XP level 13. HP: 51/84 MP: 13/13
 16010 | Orc:2    | Noticed an orc warlord
 16011 | Orc:2    | Found Cajest's Antique Armour Emporium.
 16076 | Orc:2    | Gained mutation: You are dopey. (Int -2) [a neqoxec]
 16081 | Orc:2    | Mangled by an orc warlord

Illustrated notes

Levels and vault maps discovered:
D:1:      sevenhm_arrival_forest_fort_small_3, layout_loops_ring,
          glass_columns_c, minmay_misc_feat_encased
D:2:      cheibrodos_greedy_goblins, layout_loops_cross,
          amethyst_overflow_temple_binary, due_unseen_surprise
D:3:      layout_loops_ring, nicolae_gozag_seed_capital, bloody_trog
D:4:      minmay_wonky_spiral, layout_cave_pools
D:5:      layout_loops_ring, old_standard_altar, minmay_temple_entry_crystal_x,
          eino_curves_02, nicolae_ashenzari_panopticon
D:6:      layout_basic, uniq_menkaure
D:7:      layout_basic, lemuel_crystal_altar, st_stairs_9,
          kennysheep_generic_room_16, uniq_maggie
D:8:      layout_basic, tgw_xom, minmay_bent, uniq_erica, uniq_pikel,
          uniq_harold
D:9:      layout_loops_ring
D:10:     layout_cave_pods, uniq_grum
D:11:     layout_stronghold, erik_lair_island, uniq_psyche
D:12:     layout_basic, hiddenorc2_lemuel, special_room [special_room_orc],
          serial_corexii_hall, corexii_hall_statues_t, corexii_hall_statues_x,
          mrwooster_statue_mirror
Orc:1:    layout_caves, serial_shops, nicolae_shop_window_shopping,
          nicolae_orc_rockfall, mines1_david, uniq_sonja
Orc:2:    grunt_orc_gardens, layout_caves, grunt_orc_garden, grunt_orc_garden,
          grunt_orc_garden, grunt_orc_garden, basic_altar, uniq_jorgrun

Skill      XL: |  1  2  3  4  5  6  7  8  9 10 11 12 13 |
---------------+----------------------------------------+-----
Dodging        | 2 3 5 6 |  6.6
Fighting       | 4 5 6 7 8 9 10 11 | 11.0
Maces & Flails | 4 6 9 13 15 | 15.9
Stealth        | 1 2 4 |  4.1
Armour         | 3 4 5 6 7 8 |  8.9
Axes           | 2 4 6 7 |  7.0
Evocations     | |  0.2

Action                   |  1- 3 |  4- 6 |  7- 9 | 10-12 | 13-15 || total
-------------------------+-------+-------+-------+-------+-------++-------
Melee: Mace              |    78 |    65 |       |       |       ||   143
       Hand axe          |       |   101 |   267 |       |       ||   368
       Morningstar       |       |       |    88 |   395 |       ||   483
       Great mace        |       |       |       |   277 |    33 ||   310
Invok: Berserk           |     2 |     1 |     5 |     9 |     1 ||    18
Evoke: Wand              |       |       |     1 |     3 |       ||     4
  Use: Scroll            |     3 |       |    12 |    16 |       ||    31
       Potion            |       |       |       |     4 |       ||     4
 Stab: Sleeping          |     1 |       |       |     1 |       ||     2
Armor: Animal skin       |    18 |       |       |       |       ||    18
       Ring mail         |    25 |    44 |       |   264 |     9 ||   342
       Chain mail        |       |    35 |   156 |       |       ||   191
       Swamp dragon scal |       |       |    47 |   202 |       ||   249
Dodge: Dodged            |    59 |    92 |   170 |   565 |    23 ||   909

Table legend: (Time is in decaauts)
 A = Elapsed time spent in this place.
 B = Non-inter-level travel time spent in this place.
 C = Inter-level travel time spent in this place.
 D = Time resting spent in this place.
 E = Time spent auto-exploring this place.
 F = Levels seen in this place.
 G = Mean time per level.
                   A        B        C        D        E       F      G
               +--------+--------+--------+--------+--------+-----+--------+
         Total |  16268 |  16118 |    150 |   4197 |   8602 |  14 | 1162.0 |
       Dungeon |  14743 |  14593 |    150 |   3505 |   8111 |  12 | 1228.6 |
  Orcish Mines |   1524 |   1524 |      0 |    692 |    491 |   2 |  762.0 |
               +--------+--------+--------+--------+--------+-----+--------+

Top non-repeatable levels by time:
     D:8: 1846 daAuts
    D:12: 1826 daAuts
     D:6: 1732 daAuts
   Orc:1: 1300 daAuts
    D:11: 1292 daAuts
     D:5: 1285 daAuts
     D:9: 1207 daAuts
     D:4: 1191 daAuts
    D:10: 1031 daAuts
     D:2: 973 daAuts
     D:7: 873 daAuts
     D:1: 741 daAuts
     D:3: 740 daAuts
   Orc:2: 224 daAuts
